 Dungeon Crawl Stone Soup version 0.28-a0-1567-g1695149f81 (webtiles) character file.

Game seed: 10609913380819306802

90 soggyman666 the Grasshopper (level 4, 0/42 HPs)
             Began as a Troll Warper on Jan 20, 2022.
             Succumbed to an adder's poison
             ... on level 3 of the Dungeon.
             The game lasted 00:03:56 (1789 turns).

soggyman666 the Grasshopper (Troll Warper)          Turns: 1789, Time: 00:03:57

Health: 0/42       AC:  4    Str: 21    XL:     4   Next: 32%
Magic:  5/5        EV: 10    Int:  9    God:
Gold:   70         SH:  0    Dex:  9    Spells: 4/6 levels left

rFire   . . .      SeeInvis .     - Unarmed
rCold   . . .      Faith    .   (no shield)
rNeg    . . .      Spirit   .   a - +0 robe
rPois   .          Reflect  .   (helmet restricted)
rElec   .          Harm     .   (no cloak)
rCorr   .          Rampage  .   (gloves unavailable)
Will    .....                   (boots unavailable)
Stlth   +.........              (no amulet)
HPRegen 0.94/turn               (no ring)
MPRegen 0.09/turn               (no ring)

@: lethally poisoned (0 -> -3)
A: large, unfitting armour, claws 3, regeneration 1, shaggy fur 1, tough skin 1
a: no special abilities


You were on level 3 of the Dungeon.
You visited 1 branch of the dungeon, and saw 3 of its levels.

You collected 70 gold pieces.

Inventory:

Missiles
 c - 5 boomerangs of dispersal
Armour
 a - a +0 robe (worn)
Scrolls
 b - a scroll of blinking
 d - a scroll of fog {unknown}
 f - 2 scrolls of teleportation (quivered) {unknown}
 g - 3 scrolls of enchant armour
 j - a scroll of identify
Potions
 e - a potion of invisibility {unknown}
 h - a potion of degeneration {unknown}
 i - a potion of curing {unknown}
 k - a potion of brilliance {unknown}


   Skills:
 * Level 2.1 Fighting
 * Level 1.8 Throwing
 + Level 2.2 Dodging
 + Level 0.1 Stealth
 + Level 2.4 Unarmed Combat
 + Level 1.5 Spellcasting
 + Level 2.5 Translocations


You had 4 spell levels left.
You knew the following spells:

 Your Spells              Type           Power      Damage    Failure   Level
a - Blink                 Tloc           10%        N/A       19%         2

Your spell library contained the following spells:

 Spells                   Type           Power      Damage    Failure   Level
 Pain                     Necr           0%         1d4       34%         1
 Gell's Gravitas          Tloc           5%         N/A       36%         3
 Lesser Beckoning         Tloc           5%         N/A       36%         3
 Teleport Other           Tloc           5%         N/A       36%         3
 Corpse Rot               Necr/Air       0%         N/A       47%         2
 Poisonous Vapours        Pois/Air       0%         N/A       47%         2
 Manifold Assault         Tloc           5%         N/A       98%         5
 Agony                    Necr           0%         N/A       100%        5
 Excruciating Wounds      Necr           0%         N/A       100%        5
 Dispersal                Tloc           2%         N/A       100%        6


Dungeon Overview and Level Annotations

Branches:
Dungeon (3/15)

Altars:


Innate Abilities, Weirdness & Mutations

You are too large for most types of armour.
You have claws for hands.
Your natural rate of healing is unusually fast.
You are covered in fur. (AC +1)
You have tough skin. (AC +1)


Message History

You are too injured to fight recklessly!
You are too injured to fight recklessly!
You are too injured to fight recklessly!
You are too injured to fight recklessly!
You are too injured to fight recklessly!
You barely miss the adder.
The adder is lightly wounded.
You feel very sick. The adder bites you.
You are more poisoned.
The adder poisons you!
You closely miss the adder.
You feel very sick. The adder closely misses you.
You barely miss the adder.
You feel very sick. The adder barely misses you.
You scratch the adder.
The adder is severely wounded.
You feel sick. The adder barely misses you. x2
You closely miss the adder.
The adder is severely wounded.
You feel sick. The adder bites you.
* * * LOW HITPOINT WARNING * * *
You are more poisoned.
The adder poisons you!
You scratch the adder.
The adder is severely wounded.
You feel sick. The adder bites you.
* * * LOW HITPOINT WARNING * * *
You are lethally poisoned!
The adder poisons you!
You scratch the adder.
You kill the adder!
* * * LOW HITPOINT WARNING * * *
You feel very sick.
Found a stone staircase leading down.
* * * LOW HITPOINT WARNING * * *
You feel very sick.
You die...

# #..... # #..... #
#..... #################
#.....##................
#>......................
#...............†......#
#...........####......†#
#......@....#..#.......#
#.....##.##.#..#..(....#
..... #.##.#..#.#######
.... #.##.#..#<# ...
#.##......# ..
#.#######.# .
#.........# ###########


There were no monsters in sight!

Vanquished Creatures
  4 adders
  A dart slug (D:1)
  5 ball pythons
  A bat (D:2)
  8 endoplasms
  2 giant cockroaches
  6 goblins
  5 hobgoblins (D:1)
  6 jackals (D:2)
  2 kobolds (D:1)
  A frilled lizard (D:1)
  4 rats
45 creatures vanquished.

Notes
Turn   | Place    | Note
-------+----------+-------------------------------------------
     0 | D:1      | soggyman666 the Troll Warper began the quest for the Orb.
     0 | D:1      | Reached XP level 1. HP: 19/19 MP: 1/1
    88 | D:1      | Reached skill level 1 in Throwing
   145 | D:1      | Reached XP level 2. HP: 28/28 MP: 3/3
   544 | D:1      | Reached XP level 3. HP: 35/35 MP: 4/4
  1059 | D:2      | Learned a level 2 spell: Blink
  1332 | D:2      | Reached XP level 4. HP: 36/42 MP: 5/5
  1788 | D:3      | HP: 1/42 [poisoned by an adder]
  1789 | D:3      | Succumbed to an adder's poison

Illustrated notes

Levels and vault maps discovered:
D:1:      wheals_arrival_shading, layout_basic, minivault_27
D:2:      layout_loops_corners, grunt_ministairs_8
D:3:      layout_basic, hellmonk_ecumenical_altar_leap_of_faith

Skill      XL: |  1  2  3 |
---------------+----------+-----
Throwing       | 1 |  1.8
Dodging        | 2 |  2.2
Fighting       | 2 |  2.1
Stealth        | |  0.1
Unarmed Combat | |  2.4
Spellcasting   | |  1.5
Translocations | |  2.5

Action                   |  1- 3 |  4- 6 || total
-------------------------+-------+-------++-------
Melee: Unarmed           |    93 |    22 ||   115
       Punch             |     1 |       ||     1
  Use: Scroll            |     3 |       ||     3
Armor: Robe              |    34 |     2 ||    36
Dodge: Dodged            |    40 |    10 ||    50

Table legend: (Time is in decaauts)
 A = Elapsed time spent in this place.
 B = Non-inter-level travel time spent in this place.
 C = Inter-level travel time spent in this place.
 D = Time resting spent in this place.
 E = Time spent auto-exploring this place.
 F = Levels seen in this place.
 G = Mean time per level.
                   A        B        C        D        E       F      G
               +--------+--------+--------+--------+--------+-----+--------+
         Total |   1784 |   1732 |     52 |      0 |   1453 |   3 |  594.7 |
       Dungeon |   1784 |   1732 |     52 |      0 |   1453 |   3 |  594.7 |
               +--------+--------+--------+--------+--------+-----+--------+

Top non-repeatable levels by time:
     D:2: 859 daAuts
     D:1: 698 daAuts
     D:3: 226 daAuts
